MLB
SAN FRANCISCO GIANTS @ MINNESOTA TWINS
08/12/2030
 
TOP OF THE 1ST
San Francisco Giants batting - Pitching for Minnesota Twins : RHP Michael Kopech
Pitching: RHP Michael Kopech
Batting: RHB Royce Lewis 0-0: Ball
1-0: SINGLE (Line Drive, 89S, EV 98.8 MPH)
Batting: LHB Daniel Adams 0-0: Ball
1-0: Ball
Royce Lewis steals 2nd base
2-0: Ball
3-0: Called Strike
3-1: Base on Balls
Batting: SHB Chris Moll 0-0: Swinging Strike
0-1: Fielders Choice at 2nd, 3-6 (Groundball, 34S, EV 83.8 MPH)
Royce Lewis to third
Batting: SHB Tommy Birch 0-0: Called Strike
0-1: Fielders Choice at 2nd, 4-6 (Groundball, 34, EV 105.0 MPH)
Royce Lewis scores
Batting: RHB Mauricio Dubon 0-0: Swinging Strike
0-1: Fly out, F8 (Line Drive, 8LD, EV 89.4 MPH)
Top of the 1st over - 1 run, 1 hit, 0 errors, 1 left on base; San Francisco 1 - Minnesota 0
BOTTOM OF THE 1ST
Minnesota Twins batting - Pitching for San Francisco Giants : RHP Alvin Wetzel
Pitching: RHP Alvin Wetzel
Batting: LHB Carlos Rodriguez 0-0: Ball
1-0: Called Strike
1-1: Ball
2-1: Ball
3-1: SINGLE (Line Drive, 78S, EV 97.5 MPH)
Batting: LHB Sergio Correa 0-0: Foul Ball, location: 7LMF
0-1: Fielders Choice at 2nd, 3-6 (Groundball, 3, EV 85.0 MPH)
Batting: LHB Luis Arraez 0-0: Ball
1-0: Ball
Sergio Correa steals 2nd base
2-0: Foul Ball, location: 7LSF
2-1: Foul Ball, location: 2F
2-2: Ball
3-2: Foul Ball, location: 7LDF
3-2: Foul Ball, location: 3SF
3-2: DOUBLE (Flyball, 7LD, EV 81.9 MPH)
Sergio Correa scores
Batting: RHB Greg Guzman 0-0: Foul Ball, location: 3SF
0-1: Ball
1-1: Ball
2-1: Ball
3-1: Base on Balls
Batting: RHB Oscar Zavala 0-0: SINGLE (Groundball, 4MD, EV 103.1 MPH)
Luis Arraez to third
Greg Guzman to second
Runner from 3rd tries for Home, SAFE, throw by CF to home
Batting: RHB Josh Wood 0-0: Ball
1-0: Fly out, F8 (Flyball, 8RM, EV 99.4 MPH)
Batting: RHB Kevin Whitt 0-0: Ball
1-0: DOUBLE (Line Drive, 9LS, EV 98.1 MPH)
Greg Guzman scores
Oscar Zavala to third
Batting: LHB Mike Juska 0-0: Ball
1-0: Ground out U3 (Groundball, 3, EV 100.0 MPH)
Bottom of the 1st over - 3 runs, 4 hits, 0 errors, 2 left on base; San Francisco 1 - Minnesota 3
TOP OF THE 2ND
San Francisco Giants batting - Pitching for Minnesota Twins : RHP Michael Kopech
Batting: SHB Angel Martinez 0-0: Ground out U3 (Groundball, 34S, EV 80.6 MPH)
Batting: RHB Tyler Fitzgerald 0-0: Ball
1-0: SINGLE (Groundball, 34D, EV 101.3 MPH)
Batting: RHB Joe Curran 0-0: Ball
1-0: Called Strike
1-1: Ball
2-1: Foul Ball, location: 2F
2-2: Fly out, F8 (Flyball, 8RM, EV 97.5 MPH)
Batting: SHB Cole Tucker 0-0: Called Strike
0-1: SINGLE (Groundball, 4MD, EV 98.1 MPH)
Tyler Fitzgerald to second
Batting: RHB Royce Lewis 0-0: Ground out 5-3 (Groundball, 56S, EV 88.1 MPH)
Top of the 2nd over - 0 runs, 2 hits, 0 errors, 2 left on base; San Francisco 1 - Minnesota 3
BOTTOM OF THE 2ND
Minnesota Twins batting - Pitching for San Francisco Giants : RHP Alvin Wetzel
Batting: RHB Danny McKee 0-0: Swinging Strike
0-1: Ball
1-1: Called Strike
1-2: DOUBLE (Line Drive, 78D, EV 98.8 MPH)
Batting: LHB Carlos Rodriguez 0-0: Called Strike
0-1: Foul Ball, location: 3FF
0-2: SINGLE (Groundball, 6, EV 90.0 MPH) (infield hit)
Danny McKee to third
Batting: LHB Sergio Correa 0-0: Called Strike
0-1: Ball
1-1: Fly out, F9 (Flyball, 9, EV 93.1 MPH)
Runner from 3rd tags up, SCORES, throw by RF
Batting: LHB Luis Arraez 0-0: Called Strike
0-1: Ball
1-1: Ball
2-1: Foul Ball, location: 5F
2-2: Foul Ball, location: 5SF
2-2: Grounds into double play, 1-4-3 (Groundball, 15S, EV 65.0 MPH)
Bottom of the 2nd over - 1 run, 2 hits, 0 errors, 0 left on base; San Francisco 1 - Minnesota 4
TOP OF THE 3RD
San Francisco Giants batting - Pitching for Minnesota Twins : RHP Michael Kopech
Batting: LHB Daniel Adams 0-0: Fly out, F9 (Flyball, 9LM, EV 96.3 MPH)
Batting: SHB Chris Moll 0-0: Swinging Strike
0-1: Ball
1-1: Foul Ball, location: 3F
1-2: Fly out, F9 (Flyball, 89M, EV 92.5 MPH)
Batting: SHB Tommy Birch 0-0: Foul Ball, location: 2F
0-1: Foul Ball, location: 3FF
0-2: Strikes out swinging
Top of the 3rd over - 0 runs, 0 hits, 0 errors, 0 left on base; San Francisco 1 - Minnesota 4
BOTTOM OF THE 3RD
Minnesota Twins batting - Pitching for San Francisco Giants : RHP Alvin Wetzel
Batting: RHB Greg Guzman 0-0: Ball
1-0: Foul Ball, location: 5SF
1-1: Called Strike
1-2: Ball
2-2: Foul Ball, location: 2F
2-2: Ball
3-2: Fly out, F8 (Flyball, 78M, EV 81.3 MPH)
Batting: RHB Oscar Zavala 0-0: Ball
1-0: Ground out U3 (Groundball, 13, EV 84.4 MPH)
Batting: RHB Josh Wood 0-0: Ball
1-0: Ball
2-0: Ball
3-0: Called Strike
3-1: Foul Ball, location: 25F
3-2: Ground out 6-3 (Groundball, 6M, EV 101.9 MPH)
Bottom of the 3rd over - 0 runs, 0 hits, 0 errors, 0 left on base; San Francisco 1 - Minnesota 4
TOP OF THE 4TH
San Francisco Giants batting - Pitching for Minnesota Twins : RHP Michael Kopech
Batting: RHB Mauricio Dubon 0-0: Ball
1-0: Foul Ball, location: 2F
1-1: Fly out, F7 (Line Drive, 78M, EV 104.4 MPH)
Batting: SHB Angel Martinez 0-0: DOUBLE (Flyball, 8RXD, EV 107.5 MPH)
Batting: RHB Tyler Fitzgerald 0-0: Called Strike
0-1: Swinging Strike
0-2: Ball
Wild Pitch!
Angel Martinez to third
1-2: Foul Ball, location: 2F
1-2: Ball
2-2: Ball
3-2: Base on Balls
Batting: RHB Joe Curran 0-0: Grounds into double play, 4-6-3 (Groundball, 34, EV 84.4 MPH)
Top of the 4th over - 0 runs, 1 hit, 0 errors, 1 left on base; San Francisco 1 - Minnesota 4
BOTTOM OF THE 4TH
Minnesota Twins batting - Pitching for San Francisco Giants : RHP Alvin Wetzel
Batting: RHB Kevin Whitt 0-0: Called Strike
0-1: Swinging Strike
0-2: Strikes out swinging
Batting: LHB Mike Juska 0-0: Ball
1-0: Called Strike
1-1: Ball
2-1: Ground out U3 (Groundball, 3, EV 107.5 MPH)
Batting: RHB Danny McKee 0-0: Called Strike
0-1: Called Strike
0-2: Fly out, F8 (Flyball, 8LM, EV 92.5 MPH)
Bottom of the 4th over - 0 runs, 0 hits, 0 errors, 0 left on base; San Francisco 1 - Minnesota 4
TOP OF THE 5TH
San Francisco Giants batting - Pitching for Minnesota Twins : RHP Michael Kopech
Batting: SHB Cole Tucker 0-0: Ball
1-0: Ball
2-0: Ball
3-0: Base on Balls
Batting: RHB Royce Lewis 0-0: Called Strike
0-1: Ball
Wild Pitch!
Cole Tucker to second
1-1: Foul Ball, location: 2F
1-2: Strikes out swinging
Batting: LHB Daniel Adams 0-0: Swinging Strike
0-1: SINGLE (Groundball, 4MD, EV 100.0 MPH)
Cole Tucker to third
Throwing error, E8
Cole Tucker scores
Daniel Adams to second
Batting: SHB Chris Moll 0-0: Ball
1-0: Swinging Strike
1-1: Fly out, F8 (Flyball, 8RXD, EV 105.6 MPH)
Runner from 2nd tags up, SAFE at 3rd, no throw by CF
Batting: SHB Tommy Birch 0-0: Ball
1-0: Foul Ball, location: 2F
1-1: Fly out, F7 (Flyball, 7, EV 95.6 MPH)
Top of the 5th over - 1 run, 1 hit, 1 error, 1 left on base; San Francisco 2 - Minnesota 4
BOTTOM OF THE 5TH
Minnesota Twins batting - Pitching for San Francisco Giants : RHP Alvin Wetzel
Batting: LHB Carlos Rodriguez 0-0: Fly out, F8 (Flyball, 89M, EV 90.0 MPH)
Batting: LHB Sergio Correa 0-0: Swinging Strike
0-1: DOUBLE (Popup, 6D, EV 55.6 MPH)
Batting: LHB Luis Arraez 0-0: SINGLE (Groundball, 4MD, EV 95.0 MPH)
Sergio Correa to third
Batting: RHB Greg Guzman 0-0: Called Strike
0-1: Ball
1-1: SINGLE (Groundball, 34, EV 101.9 MPH)
Sergio Correa scores
Luis Arraez to second
Runner from 2nd tries for 3rd, SAFE, throw by RF made to third
Pitching: RHP Jan Caraballo
Batting: RHB Oscar Zavala 0-0: Ball
1-0: Foul Ball, location: 7LMF
1-1: SINGLE (Line Drive, 89S, EV 86.9 MPH)
Luis Arraez scores
Greg Guzman to second
Batting: RHB Josh Wood 0-0: Foul Ball, location: 2F
0-1: Called Strike
0-2: Ball
1-2: Fly out, F2 (Popup, 2LF, EV 84.4 MPH)
Pitching: LHP Andrew Perez
Batting: RHB Kevin Whitt 0-0: Called Strike
0-1: Ball
1-1: Swinging Strike
1-2: Foul Ball, location: 9LMF
1-2: SINGLE (Line Drive, 6D, EV 105.6 MPH)
Greg Guzman to third
Oscar Zavala to second
Runner from 3rd tries for Home, SAFE, throw by CF to home
Batting: LHB Mike Juska 0-0: Fly out, F4 (Line Drive, 4M, EV 70.0 MPH)
Bottom of the 5th over - 3 runs, 5 hits, 0 errors, 2 left on base; San Francisco 2 - Minnesota 7
TOP OF THE 6TH
San Francisco Giants batting - Pitching for Minnesota Twins : RHP Michael Kopech
Batting: RHB Mauricio Dubon 0-0: Ball
1-0: Ball
2-0: Called Strike
2-1: Ball
3-1: Fly out, F9 (Flyball, 89M, EV 88.8 MPH)
Batting: SHB Angel Martinez 0-0: Ball
1-0: Ball
2-0: Foul Ball, location: 3FF
2-1: Ball
3-1: Ground out 4-3 (Groundball, 4, EV 98.8 MPH)
Batting: RHB Tyler Fitzgerald 0-0: Ball
1-0: Swinging Strike
1-1: Fly out, F7 (Flyball, 7LS, EV 90.0 MPH)
Top of the 6th over - 0 runs, 0 hits, 0 errors, 0 left on base; San Francisco 2 - Minnesota 7
BOTTOM OF THE 6TH
Minnesota Twins batting - Pitching for San Francisco Giants : LHP Andrew Perez
Batting: RHB Danny McKee 0-0: Ball
1-0: Ball
2-0: Called Strike
2-1: Foul Ball, location: 2F
2-2: Foul Ball, location: 25F
2-2: SINGLE (Line Drive, 56D, EV 102.5 MPH)
Batting: LHB Carlos Rodriguez 0-0: Called Strike
0-1: Ball
1-1: Foul Ball, location: 3SF
1-2: Foul Ball, location: 2F
1-2: Ball
2-2: Strikes out swinging
Batting: LHB Sergio Correa 0-0: SINGLE (Line Drive, 7LS, EV 95.0 MPH)
Danny McKee to second
Batting: LHB Luis Arraez 0-0: Ball
1-0: Foul Ball, location: 2F
1-1: Ball
2-1: Ball
3-1: Fly out, F4 (Popup, 34, EV 74.4 MPH)
Pitching: RHP Nate Nelson
Batting: RHB Greg Guzman 0-0: Ball
1-0: Foul Ball, location: 9LSF
1-1: Ball
2-1: Ball
3-1: Base on Balls
Danny McKee to third
Sergio Correa to second
Batting: RHB Oscar Zavala 0-0: Ball
1-0: Ball
2-0: Ball
3-0: Base on Balls
Danny McKee scores
Sergio Correa to third
Greg Guzman to second
Batting: RHB Josh Wood 0-0: Called Strike
0-1: Ball
1-1: Ball
2-1: Ball
3-1: DOUBLE (Line Drive, 89D, EV 98.1 MPH)
Sergio Correa scores
Greg Guzman scores
Oscar Zavala to third
Batting: RHB Kevin Whitt 0-0: Ball
1-0: Ball
2-0: Fly out, F7 (Flyball, 78S, EV 90.0 MPH)
Bottom of the 6th over - 3 runs, 3 hits, 0 errors, 2 left on base; San Francisco 2 - Minnesota 10
TOP OF THE 7TH
San Francisco Giants batting - Pitching for Minnesota Twins : RHP Michael Kopech
Pitching: RHP Josh Connors
Pinch Hitting: LHB Michael Conforto 0-0: Fly out, F8 (Flyball, 8RM, EV 96.9 MPH)
Batting: SHB Cole Tucker 0-0: Called Strike
0-1: Fly out, F8 (Line Drive, 8LM, EV 90.6 MPH)
Batting: RHB Royce Lewis 0-0: Ball
1-0: Ball
2-0: Called Strike
2-1: Called Strike
2-2: Foul Ball, location: 7LSF
2-2: Strikes out swinging
Top of the 7th over - 0 runs, 0 hits, 0 errors, 0 left on base; San Francisco 2 - Minnesota 10
BOTTOM OF THE 7TH
Minnesota Twins batting - Pitching for San Francisco Giants : RHP Nate Nelson
Now at 1B: Michael Conforto
Now in LF: Mauricio Dubon
Batting: LHB Mike Juska 0-0: Swinging Strike
0-1: Foul Ball, location: 3FF
0-2: SINGLE (Groundball, 6MS, EV 65.0 MPH) (infield hit)
Pitching: LHP Jeff Szabo
Batting: RHB Danny McKee 0-0: Ball
Mike Juska steals 2nd base
1-0: SINGLE (Line Drive, 8RS, EV 108.1 MPH)
Mike Juska to third
Runner from 3rd tries for Home, SAFE, throw by CF to home
Batting: LHB Carlos Rodriguez 0-0: Ball
1-0: Called Strike
1-1: Ball
2-1: Called Strike
2-2: Foul Ball, location: 25FF
2-2: Ball
3-2: Foul Ball, location: 7LMF
3-2: Strikes out swinging
Batting: LHB Sergio Correa 0-0: Fly out, F8 (Flyball, 78M, EV 88.8 MPH)
Batting: LHB Luis Arraez 0-0: Foul Ball, location: 2LF
0-1: Called Strike
0-2: Ball
1-2: Foul Ball, location: 7LMF
1-2: Foul Ball, location: 2F
1-2: Fielders Choice at 2nd, 6-4 (Groundball, 6, EV 91.9 MPH)
Bottom of the 7th over - 1 run, 2 hits, 0 errors, 1 left on base; San Francisco 2 - Minnesota 11
TOP OF THE 8TH
San Francisco Giants batting - Pitching for Minnesota Twins : RHP Josh Connors
Batting: LHB Daniel Adams 0-0: Foul Ball, location: 2F
0-1: Called Strike
0-2: Ground out 6-3 (Groundball, 6, EV 102.5 MPH)
Batting: SHB Chris Moll 0-0: Foul Ball, location: 9LSF
0-1: Ball
1-1: Ball
2-1: Swinging Strike
2-2: Foul Ball, location: 2LF
2-2: Foul Ball, location: 7LDF
2-2: Strikes out looking
Batting: SHB Tommy Birch 0-0: Ball
1-0: Fly out, F8 (Flyball, 8LXD, EV 96.3 MPH)
Top of the 8th over - 0 runs, 0 hits, 0 errors, 0 left on base; San Francisco 2 - Minnesota 11
BOTTOM OF THE 8TH
Minnesota Twins batting - Pitching for San Francisco Giants : LHP Jeff Szabo
Batting: RHB Greg Guzman 0-0: Ball
1-0: Foul Ball, location: 2F
1-1: Ball
2-1: Ball
3-1: SOLO HOME RUN (Flyball, 9D, EV 100.6 MPH), Distance : 410 ft
Batting: RHB Oscar Zavala 0-0: Swinging Strike
0-1: SINGLE (Groundball, 34D, EV 105.0 MPH)
Batting: RHB Josh Wood 0-0: Called Strike
0-1: Ball
1-1: Foul Ball, location: 2F
1-2: Strikes out looking
Pitching: RHP Brusdar Graterol
Batting: RHB Kevin Whitt 0-0: SINGLE (Groundball, 6S, EV 68.8 MPH)
Oscar Zavala to second
Batting: LHB Mike Juska 0-0: Ball
1-0: Called Strike
1-1: Swinging Strike
1-2: Foul Ball, location: 2F
1-2: Foul Ball, location: 5SF
1-2: Strikes out swinging
Batting: RHB Danny McKee 0-0: Swinging Strike
0-1: Ball
1-1: Fly out, F6 (Popup, 5D, EV 43.8 MPH)
Bottom of the 8th over - 1 run, 3 hits, 0 errors, 2 left on base; San Francisco 2 - Minnesota 12
TOP OF THE 9TH
San Francisco Giants batting - Pitching for Minnesota Twins : RHP Josh Connors
Batting: RHB Mauricio Dubon 0-0: Called Strike
0-1: Ground out U3 (Groundball, 3, EV 81.9 MPH)
Batting: SHB Angel Martinez 0-0: Called Strike
0-1: Called Strike
0-2: Strikes out looking
Batting: RHB Tyler Fitzgerald 0-0: Foul Ball, location: 9LSF
0-1: Ball
1-1: Foul Ball, location: 9LMF
1-2: Foul Ball, location: 9LDF
1-2: Ground out U3 (Groundball, 3, EV 86.9 MPH)
Top of the 9th over - 0 runs, 0 hits, 0 errors, 0 left on base; San Francisco 2 - Minnesota 12
Wednesday, April 10th , 2024 - OOTP Baseball 24.7 Build 72